 Dungeon Crawl Stone Soup version 0.28.0-53-g5a82cb258f (webtiles) character file.

Game seed: 5935749119034401726

80 DangeonMaster the Chopper (level 4, -1/40 HPs)
             Began as a Minotaur Berserker on July 19, 2022.
             Was a Believer of Trog.
             Killed from afar by an orc wizard (8 damage)
             ... with a puff of flame
             ... on level 4 of the Dungeon.
             The game lasted 00:07:12 (2602 turns).

DangeonMaster the Chopper (Minotaur Berserker)      Turns: 2602, Time: 00:07:13

Health: -1/40      AC: 11    Str: 27    XL:     4   Next: 18%
Magic:  3/3        EV:  9    Int:  4    God:    Trog [**....]
Gold:   135        SH:  0    Dex:  9    Spells: 3/3 levels left

rFire   . . .      SeeInvis .   a - +0 hand axe
rCold   . . .      Faith    .   (no shield)
rNeg    . . .      Spirit   .   e - +0 chain mail
rPois   .          Reflect  .   (helmet restricted)
rElec   .          Harm     .   r - +0 cloak
rCorr   .          Rampage  .   m - +0 pair of gloves {Str+3}
Will    .....                   (no boots)
Stlth   ..........              (no amulet)
HPRegen 0.13/turn               (no ring)
MPRegen 0.08/turn               (no ring)

@: confused, on berserk cooldown, slowed, very slow
A: horns 2, retaliatory headbutt
a: Renounce Religion, Berserk, Trog's Hand


You were on level 4 of the Dungeon.
You worshipped Trog.
Trog was pleased with you.
You visited 1 branch of the dungeon, and saw 4 of its levels.

You collected 135 gold pieces.

Inventory:

Hand Weapons
 a - a +0 hand axe (weapon)
Armour
 e - a +0 chain mail (worn)
 m - a +0 pair of gloves of strength (worn)
 r - a +0 cloak (worn)
Jewellery
 h - a +6 ring of dexterity
Scrolls
 f - a scroll of noise {unknown}
 g - 3 scrolls of identify {unknown}
 i - a scroll of blinking {unknown}
 j - a scroll of holy word {unknown}
 l - a scroll of fear {unknown}
 o - a scroll of enchant armour {unknown}
Potions
 b - 2 potions of brilliance {unknown}
 c - a potion of ambrosia {unknown}
 d - 4 potions of degeneration {unknown}
 k - 3 potions of curing {unknown}
 n - 2 potions of flight {unknown}
 q - a potion of mutation {unknown}


   Skills:
 + Level 4.2 Fighting
 + Level 4.4 Axes
 + Level 0.9 Throwing
 + Level 3.7 Armour
 + Level 2.5 Dodging


You had 3 spell levels left.
You didn't know any spells.
Your spell library contained the following spells:

 Spells                   Type           Power      Damage    Failure   Level
 Pain                     Necr           0%         1d4       98%         1
 Agony                    Necr           0%         N/A       100%        5
 Excruciating Wounds      Necr           0%         N/A       100%        5


Dungeon Overview and Level Annotations

Branches:
Dungeon (4/15)
 Temple: D:4-7

Altars:
Sif Muna
Trog

Annotations:
D:4 Robin


Innate Abilities, Weirdness & Mutations

You have a pair of horns on your head.
You reflexively headbutt those who attack you in melee.


Message History

You hit the orc.
You hear some strange, mumbled words.
You are more confused.
Robin hits you but does no damage.
Something hits you but does no damage. x2
The orc barely misses you. The orc hits you but does no damage.
Something hits you.
Robin hits you from afar with a +1 trident of protection.
Something hits you but does no damage. Something completely misses you.
The orc hits you but does no damage.
You hit the orc.
You kill the orc!
Trog accepts your kill.
You hit the orc.
You miss something. x3; The orc hits you but does no damage.
Something hits you. Robin closely misses you.
Something hits you but does no damage. Something hits you.
The orc hits you but does no damage. Something hits you but does no damage.
Robin closely misses you.
You bump into the rock wall.
Something hits you but does no damage. Something hits you.
The orc hits you but does no damage. Something hits you but does no damage.
Robin hits you from afar with a +1 trident of protection.
Something hits you but does no damage. Something hits you. The orc misses you.
A magic dart appears from out of thin air!
The magic dart hits you.
* * * LOW HITPOINT WARNING * * *
Something hits you but does no damage. The orc hits you but does no damage.
You hear some strange, mumbled words.
A puff of flame appears from out of thin air!
The puff of flame hits you.
* * * LOW HITPOINT WARNING * * *
Robin hits you but does no damage.
You see here a +0 mace.
Something hits you.
* * * LOW HITPOINT WARNING * * *
Something hits you but does no damage. Robin hits you but does no damage.
You hear some strange, mumbled words.
A puff of flame appears from out of thin air!
The puff of flame hits you!
You die...

#.# #.# #.####.#### #
#.#.......# g
#.#.......# g#
#.#.......### ###(#
#...........# .#(.#
###.).og..#.##...###.
#....)o)...).......
#..@{.).#..<.(.....
#############.##### #


You could see Robin and 2 orcs.

Vanquished Creatures
  2 adders
  A worm (D:3)
  2 orcs (D:4)
  4 bats
  8 endoplasms
  A giant cockroach (D:2)
  10 goblins
  6 hobgoblins
  3 jackals (D:3)
  3 kobolds
  5 ball pythons
  2 frilled lizards
  2 rats (D:1)
49 creatures vanquished.

Notes
Turn   | Place    | Note
-------+----------+-------------------------------------------
     0 | D:1      | DangeonMaster the Minotaur Berserker began the quest for
                  | the Orb.
     0 | D:1      | Reached XP level 1. HP: 19/19 MP: 0/0
   339 | D:1      | Reached XP level 2. HP: 27/27 MP: 1/1
   431 | D:1      | You fall into a shaft and drop 1 floor!
   796 | D:1      | Found a faded altar of an unknown god.
  1883 | D:3      | Reached ** piety under Trog
  1934 | D:3      | Reached XP level 3. HP: 33/33 MP: 2/2
  2098 | D:3      | Found a shimmering blue altar of Sif Muna.
  2243 | D:3      | Found a bloodstained altar of Trog.
  2447 | D:4      | Noticed Robin
  2574 | D:4      | Reached XP level 4. HP: 40/40 MP: 3/3
  2602 | D:4      | Killed from afar by an orc wizard

Illustrated notes

Levels and vault maps discovered:
D:1:      dpeg_arrival_solitude, layout_loops_ring,
          hellmonk_ecumenical_altar_heavens_door
D:2:      layout_basic
D:3:      layout_rooms, lemuel_doored_altar, mainiacjoe_overflow_surrounded_room
D:4:      layout_loops_ring, grunt_gozag_breadcrumbs, st_stairs_6,
          patterned_corridor, uniq_robin

Skill      XL: |  1  2  3 |
---------------+----------+-----
Fighting       | 4 |  4.2
Axes           | 4 |  4.4
Armour         | 3 |  3.7
Throwing       | |  0.9
Dodging        | |  2.5

Action                   |  1- 3 |  4- 6 || total
-------------------------+-------+-------++-------
Melee: Hand axe          |    81 |    13 ||    94
       Headbutt          |    10 |       ||    10
       Punch             |     1 |       ||     1
Throw: Dart              |    12 |       ||    12
Invok: Berserk           |       |     1 ||     1
Armor: Chain mail        |    51 |    44 ||    95
Dodge: Dodged            |    44 |    17 ||    61
